 Dungeon Crawl Stone Soup version 0.31.0-12-g77e489cdc1 (webtiles) character file.

Game seed: 4359247872403761833

698 Marvel the Chopper (level 7, -5/62 HPs)
             Began as a Hill Orc Fighter on Feb 25, 2024.
             Splashed by a jelly's acid (8 damage)
             ... on level 4 of the Dungeon.
             The game lasted 00:02:56 (2922 turns).

Marvel the Chopper (Hill Orc Fighter)               Turns: 2922, Time: 00:02:57

Health: -5/62      AC: -8    Str: 21    XL:     7   Next: 65%
Magic:  7/7        EV: 10    Int:  8    God:
Gold:   192        SH:  4    Dex: 10    Spells: 6/6 levels left

rFire   . . .        a - +0 war axe
rCold   . . .        c - +0 buckler
rNeg    . . .        b - +0 scale mail
rPois   .            (no helmet)
rElec   .            (no cloak)
rCorr   .            (no gloves)
SInv    .            (no boots)
Will    .....        o - amulet of the acrobat Stlth
                     (no ring)
HPRegen 0.30/turn    (no ring)
MPRegen 0.10/turn

%: acrobat
@: corroded
A: no striking features
a: no special abilities


You were on level 4 of the Dungeon.
You visited 1 branch of the dungeon, and saw 4 of its levels.

You collected 192 gold pieces.

Inventory:

Hand Weapons
 a - a +0 war axe (weapon)
Missiles
 l - 6 javelins
Armour
 b - a +0 scale mail (worn)
 c - a +0 buckler (worn)
Jewellery
 o - an amulet of the acrobat (around neck)
Wands
 p - a wand of charming (6)
Scrolls
 f - a scroll of revelation {unknown}
 g - a scroll of vulnerability {unknown}
 i - 2 scrolls of teleportation {unknown}
 j - a scroll of acquirement {unknown}
 k - 2 scrolls of fear {unknown}
Potions
 h - a potion of brilliance {unknown}
 m - 3 potions of heal wounds {unknown}
 n - a potion of haste {unknown}


   Skills:
 + Level 5.8 Fighting
 + Level 7.0 Axes
 + Level 5.3 Armour
 + Level 1.7 Dodging
 + Level 0.7 Stealth
 + Level 4.0 Shields


You had 6 spell levels left.
You didn't know any spells.
Your spell library contained the following spells:

 Spells                   Type           Power      Damage    Failure   Level
 Summon Blazeheart Golem  Fire/Summ      0%         N/A       100%        4
 Orb of Destruction       Conj           0%         9d5       100%        7
 Spellforged Servitor     Conj/Summ      0%         N/A       100%        7


Dungeon Overview and Level Annotations

Branches:
Dungeon (4/15)
 Temple: D:4-7

Altars:
Xom

Annotations:
D:2 Pargi
D:3 1 runed translucent door, aloneDruid's ghost, amateur OpBr


Message History

Sigmund is severely wounded.
Sigmund barely misses you.
You closely miss Sigmund.
Sigmund is severely wounded.
You slash the jelly!
Your hands burn!
The jelly hits you. The acid corrodes you!
You are splashed with acid!
Sigmund casts a spell at you. The puff of flame hits you!
You slash Sigmund!
You kill Sigmund!
You slash the jelly! The acid corrodes you!
Your hands burn!
The jelly hits you. The acid corrodes you!
You are splashed with acid.
The jelly closely misses you.
Your Axes skill increases to level 7!
Your Shields skill increases to level 4!
You hit the jelly but do no damage.
Your hands burn!
The jelly is almost dead.
The jelly hits you. The acid corrodes you!
You are splashed with acid!
* * * LOW HITPOINT WARNING * * *
You completely miss the jelly.
The jelly is almost dead.
The jelly closely misses you.
You hit the jelly but do no damage.
Your hands burn!
* * * LOW HITPOINT WARNING * * *
The jelly is almost dead.
The jelly hits you.
* * * LOW HITPOINT WARNING * * *
You are splashed with acid!
* * * LOW HITPOINT WARNING * * *
Things that are here:
a +2 scythe of pain; a +0 robe; the human corpse of Sigmund
Okay, then.
Aiming: Charm
Press: ? - help, Shift-Dir - straight line, f - jelly
Aim: a jelly (almost dead, chance to affect: 57%)
The jelly resists with significant effort.
The jelly hits you.
* * * LOW HITPOINT WARNING * * *
The acid corrodes you!
You are splashed with acid!
You die...

#... #... ###..# #
#....### .##
#......### ...#.
..##. #.....##......
#.....#....J@.......
......รท<........$...
...##...............
#.##............ #.
##......##..# .
........# ## #.
........... .
##..........# ..
#......###..


You could see a jelly.

Vanquished Creatures
  Pikel (D:3)
  Sigmund (D:4)
  2 adders (D:3)
  9 orcs (D:3)
  6 endoplasms
  4 giant cockroaches
  4 goblins
  2 hobgoblins
  7 jackals
  4 quokkas
  4 ball pythons
  3 bats
  4 frilled lizards
  7 kobolds
  7 rats
65 creatures vanquished.

Notes
Turn   | Place    | Note
-------+----------+-------------------------------------------
     0 | D:1      | Marvel the Hill Orc Fighter began the quest for the Orb.
     0 | D:1      | Reached XP level 1. HP: 19/19 MP: 1/1
   343 | D:1      | Reached XP level 2. HP: 21/27 MP: 2/2
  1258 | D:2      | Reached XP level 3. HP: 33/33 MP: 3/3
  1270 | D:2      | Reached skill level 3 in Axes
  1897 | D:3      | Found a shimmering altar of Xom.
  1898 | D:3      | Found a shimmering altar of Xom.
  1905 | D:3      | Found a shimmering altar of Xom.
  1905 | D:3      | Noticed Pargi
  1914 | D:3      | Found a shimmering altar of Xom.
  1942 | D:3      | Reached XP level 4. HP: 41/41 MP: 4/4
  2247 | D:3      | Found a faded altar of an unknown god.
  2496 | D:3      | Found a runed translucent door.
  2497 | D:3      | Noticed aloneDruid's ghost (amateur OpBr)
  2713 | D:4      | Noticed Pikel
  2715 | D:4      | Noticed a lemure
  2717 | D:4      | Noticed a lemure
  2740 | D:4      | Noticed a lemure
  2740 | D:4      | Noticed a lemure
  2741 | D:4      | Noticed Sigmund
  2747 | D:3      | Killed Pikel
  2748 | D:3      | Reached skill level 5 in Fighting
  2748 | D:3      | Reached skill level 6 in Axes
  2748 | D:3      | Reached skill level 5 in Armour
  2748 | D:3      | Reached skill level 1 in Dodging
  2748 | D:3      | Reached XP level 5. HP: 10/48 MP: 5/5
  2748 | D:3      | Reached XP level 6. HP: 12/56 MP: 6/6
  2748 | D:3      | Reached XP level 7. HP: 13/61 MP: 7/7
  2917 | D:4      | Killed Sigmund
  2918 | D:4      | Reached skill level 7 in Axes
  2922 | D:4      | HP: 3/62 [jelly (2)]
  2922 | D:4      | Splashed by a jelly's acid

Illustrated notes

Levels and vault maps discovered:
D:1:      dpeg_arrival_boxes_within_box, layout_basic
D:2:      layout_loops_ring
D:3:      layout_loops_ring, xom_redecorated,
          chequers_ecumenical_altar_simple_redux, ebering_ghost_reflecting_pool,
          reono_crystal_passage, uniq_pargi
D:4:      layout_cave_pools, mainiacjoe_overflow_small_starburst, uniq_ijyb,
          uniq_pikel, uniq_sigmund, uniq_grinder

Skill      XL: |  1  2  3  4  5  6  7 |
---------------+----------------------+-----
Fighting       | 4 5 |  5.8
Axes           | 3 6 7 |  7.0
Armour         | 5 |  5.3
Dodging        | 1 |  1.7
Shields        | 4 |  4.0
Stealth        | |  0.7

Action                     |  1- 3 |  4- 6 |  7- 9 || total
---------------------------+-------+-------+-------++-------
  Melee: War axe           |   140 |    70 |     8 ||   218
  Throw: Throwing net      |       |       |     1 ||     1
  Evoke: Wand              |       |       |     1 ||     1
    Use: Potion            |       |     1 |       ||     1
   Stab: Held in net/web   |       |       |     1 ||     1
 Armour: Scale mail        |    98 |    79 |     7 ||   184
  Dodge: Dodged            |    81 |    61 |     3 ||   145
  Block: Buckler           |    33 |    17 |       ||    50
